 Dungeon Crawl Stone Soup version 0.22.1-5-g62c59d9 (webtiles) character file.

1600 nicolaieve the Basher (level 8, -1/64 HPs)
             Began as a Minotaur Berserker on Jan 13, 2019.
             Was an Elder of Trog.
             Slain by emiel's ghost (10 damage)
             ... on level 6 of the Dungeon.
             The game lasted 00:16:28 (4627 turns).

nicolaieve the Basher (Minotaur Berserker)          Turns: 4627, Time: 00:16:29

Health: -1/64      AC:  7    Str: 23    XL:     8   Next: 62%
Magic:  7/7        EV: 11    Int:  5    God:    Trog [****..]
Gold:   383        SH:  0    Dex: 15    Spells: 7/7 levels left

rFire    . . .     SeeInvis .   h - +0 whip
rCold    . . .     Gourm    .   (no shield)
rNeg     . . .     Faith    .   d - +0 scale mail
rPois    .         Spirit   .   (helmet restricted)
rElec    .         Reflect  .   (no cloak)
rCorr    .         Harm     .   (no gloves)
MR       ++...                  (no boots)
Stlth    ..........             (no amulet)
HPRegen  1.20/turn              a - +5 ring of dexterity
MPRegen  0.10/turn              (no ring)

@: berserk cooldown, regenerating, slowed, very slow
A: retaliatory headbutt, horns 2
a: Berserk, Trog's Hand, Brothers in Arms, Renounce Religion


You were on level 6 of the Dungeon.
You worshipped Trog.
Trog was greatly pleased with you.
You were not hungry.

You visited 1 branch of the dungeon, and saw 6 of its levels.
You also visited: Ossuary.

You collected 383 gold pieces.

Inventory:

Hand Weapons
 h - a +0 whip (weapon)
Missiles
 f - 14 sling bullets
 g - 212 stones (quivered)
Armour
 d - a +0 scale mail (worn)
Jewellery
 a - a +5 ring of dexterity (left hand)
 t - an uncursed ring of protection from magic {unknown}
 x - an uncursed ring of see invisible {unknown}
Wands
 y - a wand of flame (33)
Scrolls
 e - 11 scrolls of identify {unknown}
 i - 5 scrolls of blinking {unknown}
 k - 7 scrolls of remove curse {unknown}
 n - 3 scrolls of amnesia {unknown}
 p - a scroll of random uselessness {unknown}
 r - 2 scrolls of immolation {unknown}
 s - a scroll of magic mapping {unknown}
 u - 2 scrolls of teleportation {unknown}
 v - 2 scrolls of enchant weapon {unknown}
 w - a scroll of brand weapon {unknown}
Potions
 b - a potion of degeneration {unknown}
 j - 4 potions of mutation {unknown}
 l - 2 potions of heal wounds {unknown}
 m - a potion of lignification {unknown}
 o - 5 potions of haste {unknown}
 q - 2 potions of curing {unknown}
 z - 2 potions of brilliance {unknown}
 A - 2 potions of agility {unknown}
Comestibles
 c - 13 rations


   Skills:
 - Level 3.6 Fighting
 - Level 12.0 Maces & Flails
 + Level 6.1 Armour
 - Level 2.1 Dodging


You had 7 spell levels left.
You didn't know any spells.
Your spell library was empty.

Dungeon Overview and Level Annotations

Branches:
Dungeon (6/15)             Temple (0/1) D:6

Altars:
Cheibriados
Kikubaaqudgha
Okawaru
Vehumet
Zin

Annotations:
D:6 emiel's ghost, novice GnFi


Innate Abilities, Weirdness & Mutations

You reflexively headbutt those who attack you in melee.
You have a pair of horns on your head.


Message History

The hound simulacrum is severely damaged.
Emiel's ghost hits you.
* * * LOW HITPOINT WARNING * * *
The hound simulacrum barely misses you.
You barely miss the hound simulacrum. You headbutt the hound simulacrum.
The hound simulacrum vapourises!
Trog accepts your kill.
Unknown command.
You hit emiel's ghost but do no damage.
Emiel's ghost is moderately damaged.
Emiel's ghost hits you!
* * * LOW HITPOINT WARNING * * *
Unknown command.
You barely miss emiel's ghost.
Emiel's ghost is moderately damaged.
Emiel's ghost hits you but does no damage.
You closely miss emiel's ghost. Your headbutt misses emiel's ghost.
Emiel's ghost is moderately damaged.
Emiel's ghost hits you!
You die...

......###Z''###...#
.....##....(..##..#
....##.........#..#
....#..........##.##
...##....####...#..#
...#...###?)##..##.#
...#..##.%...##..#.#
...#..#...=.?
#.ยง#.# ..##..#.....
#.@#.# ..#
......Y###.W##.#
..## .Z.YW5.....#..#
...###..####...##.##
.....####..#####..#
..............)..##
..............####
.........####.#
........## ###


You could see emiel's ghost.

Vanquished Creatures
  3 ice beasts (D:6)
  2 ogres
  A centaur (D:6)
  2 elf zombies (Ossuary)
  2 bullfrogs (D:6)
  A scorpion (D:6)
  2 howler monkeys
  A crimson imp (D:6)
  2 hounds (D:4)
  A human zombie (Ossuary)
  3 orc priests
  An orc wizard (D:5)
  An iguana (D:6)
  4 worker ants
  A bullfrog simulacrum (D:6)
  3 hound zombies (Ossuary)
  3 mummies (Ossuary)
  4 adders (D:2)
  A hound simulacrum (D:6)
  A shadow imp (D:5)
  2 white imps (D:6)
  An ooze (D:3)
  6 adder zombies
  A worm (D:2)
  3 dart slugs
  An adder simulacrum (D:6)
  2 leopard geckos
  12 orcs
  2 ball pythons
  6 giant cockroaches
  4 goblins
  2 hobgoblins
  8 jackals
  3 quokkas
  6 bats
  9 frilled lizards
  A giant cockroach zombie (D:5)
  2 gnoll zombies (Ossuary)
  4 goblin zombies (Ossuary)
  5 hobgoblin zombies (Ossuary)
  3 jackal zombies
  4 kobolds
  2 kobold zombies (Ossuary)
  A leopard gecko skeleton (D:4)
  An orc zombie (Ossuary)
  3 quokka zombies (Ossuary)
  4 rats
  7 rat zombies (Ossuary)
144 creatures vanquished.

Vanquished Creatures (others)
  A human (D:5)
1 creature vanquished.

Grand Total: 145 creatures vanquished

Notes
Turn   | Place    | Note
-------+----------+-------------------------------------------
     0 | D:1      | nicolaieve the Minotaur Berserker began the quest for the
                  | Orb.
     0 | D:1      | Reached XP level 1. HP: 19/19 MP: 0/0
   184 | D:1      | Reached skill level 4 in Maces & Flails
   224 | D:1      | Reached XP level 2. HP: 16/26 MP: 1/1
   808 | D:2      | Reached skill level 5 in Maces & Flails
   833 | D:2      | Reached XP level 3. HP: 7/31 MP: 2/2
   977 | D:2      | Reached ** piety under Trog
  1082 | D:2      | Reached skill level 6 in Maces & Flails
  1082 | D:2      | Reached XP level 4. HP: 26/39 MP: 3/3
  1667 | D:3      | Found a glowing silver altar of Zin.
  1667 | D:3      | Noticed an angel
  2032 | D:3      | Reached XP level 5. HP: 8/45 MP: 4/4
  2033 | D:3      | Reached skill level 7 in Maces & Flails
  2298 | D:3      | Found a snail-covered altar of Cheibriados.
  2515 | D:4      | Reached skill level 8 in Maces & Flails
  2769 | D:4      | Reached XP level 6. HP: 38/51 MP: 5/5
  3341 | D:5      | Entered Level 5 of the Dungeon
  3444 | D:5      | Reached skill level 9 in Maces & Flails
  3463 | D:5      | Found a radiant altar of Vehumet.
  3572 | D:5      | Found an ancient bone altar of Kikubaaqudgha.
  3631 | D:5      | Reached XP level 7. HP: 54/57 MP: 6/6
  3745 | D:5      | Reached *** piety under Trog
  3783 | D:5      | Noticed a human
  3785 | D:5      | Killed a human
  3790 | D:6      | Found a runed gate.
  3790 | D:6      | Found a runed gate.
  3790 | D:6      | Found a runed gate.
  3820 | D:6      | Noticed emiel's ghost (novice GnFi)
  3835 | D:6      | Reached skill level 10 in Maces & Flails
  3879 | D:6      | Found a staircase to the Ecumenical Temple.
  4017 | D:6      | Reached skill level 11 in Maces & Flails
  4045 | D:6      | Found an iron altar of Okawaru.
  4104 | D:6      | Found a sand-covered staircase.
  4148 | Ossuary  | Entered an ossuary
  4177 | Ossuary  | Reached XP level 8. HP: 59/64 MP: 7/7
  4405 | Ossuary  | Reached **** piety under Trog
  4417 | Ossuary  | Reached skill level 12 in Maces & Flails
  4595 | D:6      | Received a gift from Trog
  4595 | D:6      | Reached skill level 5 in Armour
  4627 | D:6      | Slain by emiel's ghost

Skill      XL: |  1  2  3  4  5  6  7  8 |
---------------+-------------------------+-----
Maces & Flails | 4 5 6 8 9 11 12 | 12.0
Armour         | 6 |  6.1
Fighting       | |  3.6
Dodging        | |  2.1

Action                   |  1- 3 |  4- 6 |  7- 9 || total
-------------------------+-------+-------+-------++-------
Melee: Whip              |    58 |   164 |   239 ||   461
       Mace              |     3 |       |       ||     3
       Headbutt          |    11 |    35 |    78 ||   124
Invok: Berserk           |     2 |     2 |     2 ||     6
       Trog's Hand       |       |     2 |     4 ||     6
  Eat: Chunk             |     3 |    10 |     4 ||    17
       Ration            |       |       |     1 ||     1
Armor: Scale mail        |    22 |    61 |    48 ||   131
Dodge: Dodged            |    47 |    75 |    68 ||   190
